 Dungeon Crawl Stone Soup version 0.31-a0-217-g58bb5d79cf (webtiles) character file.

Game seed: 1917827284434065660

146 qw the Chopper (level 5, -6/32 HPs)
             Began as a Gargoyle Fighter on July 2, 2023.
             Killed by divine providence
             ... invoked by an orc priest
              (11 damage)
             ... on level 3 of the Dungeon.
             The game lasted 00:00:53 (1679 turns).

qw the Chopper (Gargoyle Fighter)                   Turns: 1679, Time: 00:00:54

Health: -6/32      AC: 13    Str: 22    XL:     5   Next: 28%
Magic:  5/5        EV:  8    Int:  8    God:
Gold:   151        SH:  4    Dex:  9    Spells: 4/4 levels left

rFire   . . .        Y - +0 war axe
rCold   . . .        c - +0 buckler
rNeg    + . .        j - +0 chain mail
rPois   inf          (no helmet)
rElec   +            (no cloak)
rCorr   .            (no gloves)
SInv    .            (no boots)
Will    .....        (no amulet) Stlth
                     (no ring)
HPRegen 0.25/turn    (no ring)
MPRegen 0.09/turn

%: no passive effects
@: no status effects
A: sickness immunity, AC +4, negative energy resistance 1, electricity
resistance, torment resistance 1, petrification resistance
a: no special abilities


You were on level 3 of the Dungeon.
You visited 1 branch of the dungeon, and saw 3 of its levels.

You collected 151 gold pieces.


Innate Abilities, Weirdness & Mutations

You are immune to sickness and miasma.
Your stone body is resilient. (AC +4)
You are immune to poison.
You resist negative energy. (rN+)
You are resistant to electric shocks. (rElec)
You are resistant to unholy torment.
You are immune to petrification.


   Skills:
 - Level 3.2 Fighting
 + Level 4.5 Axes
 - Level 1.2 Throwing
 - Level 3.2 Armour
 - Level 3.2 Shields


You had 4 spell levels left.
You didn't know any spells.
Your spell library was empty.

Inventory:

Hand Weapons
 k - a +0 flail
 Y - a +0 war axe (weapon)
Missiles
 b - a silver javelin (quivered)
Armour
 c - a +0 buckler (worn)
 j - a +0 chain mail (worn)
Jewellery
 f - a ring of see invisible
Scrolls
 g - a scroll of fog {unknown}
Potions
 a - a potion of resistance {unknown}
 d - a potion of might
 e - a potion of curing {unknown}
 h - a potion of enlightenment {unknown}

Dungeon Overview and Level Annotations

Branches:
Dungeon (3/15)

Altars:


Message History

You closely miss the orc.
The orc priest mumbles some strange prayers to Beogh against you.
Beogh smites you!
You slash the orc!
You kill the orc!
You slash the orc!
You kill the orc!
The orc priest mumbles some strange prayers to Beogh against you.
Beogh smites you!
You hit the orc but do no damage. The orc hits you with a +0 mace.
You closely miss the orc priest. You hit the orc. The orc barely misses you.
The orc priest barely misses you.
You barely miss the orc.
The orc is lightly wounded.
You hit the orc priest.
The orc priest looks braver for a moment.
The orc hits you but does no damage. You block the orc priest's attack.
You hit the orc priest but do no damage.
The orc priest is moderately wounded.
You hit the orc. The orc hits you with a +0 mace.
The orc priest calls upon Beogh to heal the orc.
The orc's wounds heal themselves!
The orc priest barely misses you. The orc barely misses you.
You closely miss the orc priest.
The orc priest is moderately wounded.
You closely miss the orc.
The orc priest calls upon Beogh to heal the orc priest.
The orc priest's wounds heal themselves!
The orc hits you but does no damage.
The orc priest hits you with a +0 falchion.
You slash the orc priest!
The orc priest is severely wounded.
You closely miss the orc.
The orc priest calls upon Beogh to heal the orc priest.
The orc priest is healed somewhat.
The orc hits you but does no damage.
The orc priest calls down the wrath of Beogh upon you.
Beogh smites you!
You die...

.......
#.........####...######
+####.# ##.....<.##
#..## ~~#### ##.....##
#.## ~~+..# ##...## #.#
~~##.# ##+## #^# '##..#
#.# #.# .....##
######.## #.# ###.%.#
#.......#
###...####.##...@#
#.......##.##...ooo.....
#................#######
#.......##.####..#
###...####.# #..# #...#
#.. ...# ##### #### #.##
#.#


You could see 2 orc priests and an orc.

Vanquished Creatures
  An orc priest (D:2)
  An orc wizard (D:2)
  3 adders
  A dart slug (D:3)
  5 orcs
  A bat (D:1)
  4 endoplasms
  3 giant cockroaches
  3 goblins
  4 hobgoblins
  2 jackals (D:2)
  7 kobolds
  4 quokkas
  6 ball pythons
  A frilled lizard (D:2)
  7 rats
53 creatures vanquished.

Notes
Turn   | Place    | Note
-------+----------+-------------------------------------------
     0 | D:1      | qw the Gargoyle Fighter began the quest for the Orb.
     0 | D:1      | Reached XP level 1. HP: 14/14 MP: 1/1
     0 | D:1      | 0 ||| qw: Version: 0.3-a-40-ge99b1a8
     0 | D:1      | 0 ||| qw: Game counter: 97
     0 | D:1      | 0 ||| qw: Melee chars always use a shield: true
     0 | D:1      | 0 ||| qw: God list: Okawaru
     0 | D:1      | 0 ||| qw: Allow faded altars: false
     0 | D:1      | 0 ||| qw: Do Orc after clearing Dungeon:15 true
     0 | D:1      | 0 ||| qw: Do second Lair branch before Depths: true
     0 | D:1      | 0 ||| qw: Lair rune preference: random
     0 | D:1      | 0 ||| qw: Goals: Normal, Zot:1-4, Slime:5, God:TSO, Crypt,
                  | Tomb, Abyss, Pan, Hells, Win
     0 | D:1      | 0 ||| PLANNING D:1-11
    36 | D:1      | Reached skill level 2 in Axes
   124 | D:1      | Found a faded altar of an unknown god.
   127 | D:1      | Reached XP level 2. HP: 19/19 MP: 2/2
   493 | D:1      | 493 ||| Stepping ~*~*~tactically~*~*~ (stealth).
   499 | D:1      | Reached skill level 3 in Axes
   509 | D:1      | 509 ||| Stepping ~*~*~tactically~*~*~ (stealth).
   541 | D:1      | Reached XP level 3. HP: 23/23 MP: 3/3
   888 | D:1      | 888 ||| DROPPING +0 club.
   889 | D:1      | 889 ||| UPGRADING to +0 chain mail.
   899 | D:1      | 899 ||| DROPPING +0 scale mail.
   900 | D:1      | 900 ||| READING scroll labelled GUOCEETSAG.
   901 | D:1      | 901 ||| DRINKING 2 black potions.
   902 | D:1      | 902 ||| DROPPING potion of degeneration.
   936 | D:2      | 936 ||| Stepping ~*~*~tactically~*~*~ (stealth).
  1041 | D:2      | 1041 ||| Stepping ~*~*~tactically~*~*~ (stealth).
  1105 | D:2      | 1105 ||| Stepping ~*~*~tactically~*~*~ (stealth).
  1255 | D:2      | Reached skill level 1 in Throwing
  1255 | D:2      | Reached XP level 4. HP: 28/28 MP: 4/4
  1391 | D:2      | 1391 ||| Stepping ~*~*~tactically~*~*~ (stealth).
  1403 | D:2      | Reached skill level 4 in Axes
  1420 | D:2      | Reached XP level 5. HP: 24/32 MP: 5/5
  1677 | D:3      | HP: 8/32 [orc/+0 mace (2)]
  1679 | D:3      | Killed from afar by an orc priest

Levels and vault maps discovered:
D:1:      lemuel_arrival_cross, layout_basic, chequers_ecumenical_altar_grove
D:2:      minmay_angry_zag, layout_rooms, minivault_23
D:3:      layout_loops_corners, minmay_liquid_box, uniq_ijyb

Skill      XL: |  1  2  3  4 |
---------------+-------------+-----
Axes           | 2 3 4 |  4.5
Throwing       | 1 |  1.2
Fighting       | |  3.2
Armour         | |  3.2
Shields        | |  3.2

Action                     |  1- 3 |  4- 6 || total
---------------------------+-------+-------++-------
  Melee: War axe           |   112 |    44 ||   156
  Throw: Javelin           |    10 |     4 ||    14
    Use: Scroll            |     1 |       ||     1
         Potion            |     1 |       ||     1
 Armour: Scale mail        |    30 |       ||    30
         Chain mail        |    31 |    27 ||    58
  Dodge: Dodged            |    38 |    14 ||    52
  Block: Buckler           |    15 |     6 ||    21

Table legend:
 A = Non-vault XP
 B = Vault XP
 C = Vault XP percentage of total XP
 D = Non-vault monster count
 E = Vault monster count
 F = Vault count percentage of total count
                 A         B        C        D         E       F
            +---------+---------+-------+---------+---------+-------
      Total |     199 |      10 |   4.8 |      48 |       5 |   9.4
            +---------+---------+-------+---------+---------+-------
        D:1 |      39 |       0 |   0.0 |      22 |       0 |   0.0
        D:2 |     134 |      10 |   6.9 |      20 |       5 |  20.0
        D:3 |      26 |       0 |   0.0 |       6 |       0 |   0.0
            +---------+---------+-------+---------+---------+-------
